 Dungeon Crawl Stone Soup version 0.26.0-8-g74fc34ddfb (webtiles) character file.

Game seed: 12484316720170109363

904 barb4r1an the Charlatan (level 8, -3/54 HPs)
             Began as an Octopode Artificer on Jan 12, 2021.
             Was an Initiate of Cheibriados.
             Slain by a sky beast (5 damage)
             ... on level 5 of the Dungeon.
             The game lasted 00:12:38 (6702 turns).

barb4r1an the Charlatan (Octopode Artificer)        Turns: 6702, Time: 00:12:39

Health: -3/54      AC:  1    Str: 12    XL:     8   Next: 8%
Magic:  0/8        EV: 15    Int: 16    God:    Cheibriados [......]
Gold:   196        SH:  0    Dex: 14    Spells: 7/7 levels left

rFire    + . .     SeeInvis .     - Unarmed
rCold    . . .     Faith    .   (no shield)
rNeg     . . .     Spirit   +   (helmet restricted)
rPois    .         Reflect  .   s - amulet of guardian spirit
rElec    .         Harm     .   q - ring of protection from fire
rCorr    .         Rampage  .   (no ring)
Will     .....                  (no ring)
Stlth    ++++......             (no ring)
HPRegen  0.18/turn              (no ring)
MPRegen  0.11/turn              (no ring)
                                (no ring)
                                (no ring)

@: very slow
A: almost no armour, stealthy swim, amphibious, 8 rings, constrict 8, camouflage
1, gelatinous body 1
a: Renounce Religion, Bend Time


You were on level 5 of the Dungeon.
You worshipped Cheibriados.
Cheibriados was noncommittal.
You visited 1 branch of the dungeon, and saw 5 of its levels.

You collected 196 gold pieces.

Inventory:

Missiles
 f - 134 stones (quivered)
Jewellery
 q - a ring of protection from fire (left tentacle)
 s - an amulet of guardian spirit (around mantle)
Wands
 b - a wand of flame (9)
 c - a wand of enslavement (15)
 d - a wand of random effects (11)
Scrolls
 e - a scroll of magic mapping {unknown}
 i - a scroll of fog {unknown}
 j - 2 scrolls of fear {unknown}
 p - 2 scrolls of amnesia {unknown}
 r - a scroll of remove curse {unknown}
 t - a scroll of vulnerability {unknown}
Potions
 a - a potion of brilliance
 g - a potion of magic
 h - a potion of might {unknown}
 k - 2 potions of invisibility
 l - a potion of lignification
 m - a potion of degeneration {unknown}
 n - a potion of haste {unknown}
 o - a potion of ambrosia {unknown}


   Skills:
 - Level 4.0 Fighting
 + Level 4.1 Dodging
 - Level 5.0 Stealth
 + Level 5.0 Unarmed Combat
 - Level 5.0 Evocations


You had 7 spell levels left.
You didn't know any spells.
Your spell library was empty.

Dungeon Overview and Level Annotations

Branches:
Dungeon (5/15)
 Temple: D:4-7

Altars:
Cheibriados
Wu Jian

Annotations:
D:4 exclusion: phantom
D:5 exclusions: centaur and sky beast


Innate Abilities, Weirdness & Mutations

You cannot wear most types of armour.
You are very stealthy in the water. (Stealth+)
You are amphibious.
You can wear up to eight rings at the same time.
You can use your tentacles to constrict eight enemies at once.
Your skin changes colour to match your surroundings (Stealth+).
Your rubbery body absorbs attacks. (AC +1, EV +1)


Message History

Deactivating autopickup; reactivate with Ctrl-A.
Something hits you. Something shocks you.
You miss something. You squeeze something. You barely miss something.
Your squeeze misses something. Something completely misses you.
You miss something. You squeeze something! Something hits you.
Something shocks you.
You closely miss something. Something barely misses you.
You completely miss something. Something hits you. Something shocks you.
You tentacle-slap something. Something hits you. Something shocks you.
* * * LOW HITPOINT WARNING * * *
You miss something. Your squeeze misses something. Something hits you.
* * * LOW HITPOINT WARNING * * *
Something shocks you.
* * * LOW HITPOINT WARNING * * *
You tentacle-slap something but do no damage.
Something hits you.
* * * LOW HITPOINT WARNING * * *
Something shocks you.
You die...

##...........# ##
##............# #.
#.............# #.
#.............# #.
#............## ##
#............# ##
#...........## ###.
#...........####...
#.@.........##....#
##{.............###
##............####
#....#....#####.
....####.###...
#..## #.##.... ####
##...... ##......
###.......


There were no monsters in sight!

Vanquished Creatures
  An ice beast (D:5)
  2 ogres (D:4)
  A killer bee (D:4)
  A howler monkey (D:4)
  2 hounds
  A centaur skeleton (D:4)
  2 iguanas (D:4)
  7 worker ants
  A killer bee zombie (D:4)
  A hound skeleton (D:5)
  Robin (D:3)
  A howler monkey skeleton (D:5)
  10 adders
  An ooze (D:3)
  2 worms
  2 dart slugs (D:2)
  4 leopard geckos
  2 giant cockroaches
  12 hobgoblins
  19 jackals
  8 kobolds
  2 quokkas
  A ball python (D:1)
  9 bats
  2 frilled lizards (D:1)
  11 goblins
  A leopard gecko zombie (D:5)
  A quokka skeleton (D:5)
  8 rats
116 creatures vanquished.

Vanquished Creatures (others)
  23 plants (D:1)
23 creatures vanquished.

Grand Total: 139 creatures vanquished

Notes
Turn   | Place    | Note
-------+----------+-------------------------------------------
     0 | D:1      | barb4r1an the Octopode Artificer began the quest for the
                  | Orb.
     0 | D:1      | Reached XP level 1. HP: 13/13 MP: 1/1
   214 | D:1      | Reached XP level 2. HP: 10/18 MP: 2/2
   967 | D:1      | Reached XP level 3. HP: 18/23 MP: 3/3
  1076 | D:1      | Reached skill level 1 in Unarmed Combat
  2050 | D:2      | Reached XP level 4. HP: 17/29 MP: 4/4
  2760 | D:2      | Found an ornate altar of the Wu Jian Council.
  3024 | D:3      | Noticed Robin
  3031 | D:3      | Killed Robin
  3066 | D:3      | Reached XP level 5. HP: 31/34 MP: 5/5
  4089 | D:4      | Reached XP level 6. HP: 42/42 MP: 6/6
  4377 | D:4      | Noticed a phantom
  5099 | D:4      | Reached XP level 7. HP: 36/48 MP: 7/7
  6179 | D:5      | Entered Level 5 of the Dungeon
  6224 | D:5      | Found a snail-covered altar of Cheibriados.
  6253 | D:5      | Became a worshipper of Cheibriados the Contemplative
  6495 | D:5      | Reached XP level 8. HP: 53/54 MP: 8/8
  6599 | D:5      | Reached skill level 5 in Stealth
  6599 | D:5      | Reached skill level 5 in Evocations
  6616 | D:5      | Reached skill level 5 in Unarmed Combat
  6702 | D:5      | HP: 2/54 [something (4)]
  6702 | D:5      | Slain by a sky beast

Illustrated notes

Levels and vault maps discovered:
D:1:      roderic_crop_circles_arrival_small, layout_basic
D:2:      layout_basic, nzn_wu_jian_contemplation
D:3:      layout_loops_corners, uniq_robin
D:4:      minmay_octagon_keep, layout_basic
D:5:      layout_cave_pods, old_standard_altar

Skill      XL: |  1  2  3  4  5  6  7  8 |
---------------+-------------------------+-----
Stealth        | 2 3 4 5 |  5.0
Unarmed Combat | 1 3 4 5 |  5.0
Dodging        | 3 4 |  4.1
Fighting       | 2 3 4 |  4.0
Evocations     | 4 5 |  5.0

Action                   |  1- 3 |  4- 6 |  7- 9 || total
-------------------------+-------+-------+-------++-------
Melee: Unarmed           |    65 |    15 |    83 ||   163
       Constrict         |    29 |    39 |    13 ||    81
       Tentacles         |    20 |    30 |    20 ||    70
       Dagger            |    37 |   137 |       ||   174
       Punch             |       |     6 |     4 ||    10
Throw: Stone             |     7 |       |    10 ||    17
Evoke: Wand              |     2 |    12 |     4 ||    18
  Use: Scroll            |       |     3 |     1 ||     4
 Stab: Sleeping          |     6 |     8 |     3 ||    17
       Paralysed         |       |     3 |       ||     3
       Distracted        |       |     1 |       ||     1
Armor: Skin              |    18 |     5 |     1 ||    24
Dodge: Dodged            |    67 |    83 |    43 ||   193
